 Dungeon Crawl Stone Soup version 0.28-a0-684-g30a9fa1a03 (webtiles) character file.

Game seed: 15744029974791705873

5635 MirrMurr the Covert (level 10, -1/49 HPs)
             Began as a Spriggan Enchanter on Oct 19, 2021.
             Was a Follower of Dithmenos.
             Slain by an orc warrior (16 damage)
             ... on level 9 of the Dungeon.
             The game lasted 00:21:25 (12783 turns).

MirrMurr the Covert (Spriggan Enchanter)           Turns: 12783, Time: 00:21:26

Health: -1/49      AC:  5    Str:  7    XL:     10   Next: 46%
Magic:  12/17      EV: 25    Int: 22    God:    Dithmenos [*.....]
Gold:   402        SH:  0    Dex: 17    Spells: 6/17 levels left

rFire   . . .      SeeInvis +   a - +2 dagger (drain)
rCold   . . .      Faith    .   (shield restricted)
rNeg    + . .      Spirit   .   D - +0 steam dragon scales
rPois   .          Reflect  .   (helmet restricted)
rElec   .          Harm     .   (no cloak)
rCorr   .          Rampage  .   (gloves unavailable)
Will    +....                   (boots unavailable)
Stlth   ++++++....              (no amulet)
HPRegen 0.16/turn               d - +6 ring of intelligence
MPRegen 0.15/turn               h - ring of positive energy

@: confusing by touch, wreathed by umbra, very quick
A: very small, no large weapons, unfitting armour, see invisible, speed 3
a: Renounce Religion


You were on level 9 of the Dungeon.
You worshipped Dithmenos.
Dithmenos was aware of your devotion.
You visited 2 branches of the dungeon, and saw 10 of its levels.

You collected 402 gold pieces.

Inventory:

Hand Weapons
 a - a +2 dagger of draining (weapon)
 b - a +4 vorpal dagger
 x - a +0 rapier
 y - a +0 rapier
Missiles
 j - a curare-tipped dart
 m - 155 stones (quivered)
 r - 17 poisoned darts
Armour
 D - +0 steam dragon scales (worn)
Jewellery
 d - a +6 ring of intelligence (left hand)
 h - a ring of positive energy (right hand)
 w - a ring of protection from cold
Wands
 A - a wand of iceblast (20)
Scrolls
 f - 3 scrolls of fear
 k - a scroll of blinking
 t - 4 scrolls of teleportation
 C - a scroll of immolation {unknown}
Potions
 c - a potion of invisibility
 e - 2 potions of berserk rage
 g - 4 potions of curing
 l - a potion of ambrosia
 n - 4 potions of might
 p - 3 potions of heal wounds
 q - 3 potions of brilliance
 s - 5 potions of lignification
 u - 3 potions of flight
 v - 2 potions of attraction


   Skills:
 - Level 4.0 Fighting
 - Level 8.0 Short Blades
 + Level 11.7 Dodging
 - Level 12.0 Stealth
 - Level 4.0 Spellcasting
 - Level 8.0 Hexes


You had 6 spell levels left.
You knew the following spells:

 Your Spells              Type           Power      Damage    Failure   Level
a - Ensorcelled Hibernat  Hex/Ice        44%        N/A       3%          2
b - Confusing Touch       Hex            39%        N/A       1%          3
c - Tukima's Dance        Hex            39%        N/A       1%          3
d - Dazzling Flash        Conj/Hex       44%        N/A       6%          3

Your spell library contained the following spells:

 Spells                   Type           Power      Damage    Failure   Level
 Portal Projectile        Hex/Tloc       44%        N/A       6%          3
 Static Discharge         Conj/Air       4%         N/A       17%         2
 Fulminant Prism          Conj/Hex       11%        3d9       22%         4
 Leda's Liquefaction      Hex/Erth       11%        N/A       22%         4
 Call Canine Familiar     Summ           4%         N/A       32%         3
 Iskenderun's Mystic Bla  Conj/Tloc      4%         2d3       73%         4
 Blade Hands              Tmut           2%         N/A       97%         5
 Fireball                 Conj/Fire      2%         3d4       97%         5
 Irradiate                Conj/Tmut      2%         3d14      97%         5
 Iskenderun's Battlesphe  Conj           4%         2d6       97%         5
 Lee's Rapid Deconstruct  Erth           2%         3d5*      97%         5
 Lightning Bolt           Conj/Air       2%         1d13      97%         5
 Iron Shot                Conj/Erth      2%         9d2       100%        6
 Starburst                Conj/Fire      2%         6d3       100%        6
 Dragon Form              Tmut           2%         N/A       100%        7
 Spellforged Servitor     Conj/Summ      2%         N/A       100%        7
 Ignition                 Fire           2%         3d3       100%        8
 Maxwell's Capacitive Co  Air            2%         ∞         100%        8


Dungeon Overview and Level Annotations

Branches:
Dungeon (9/15)             Temple (1/1) D:5
   Lair: D:8-11         Orc: D:9-12

Altars:
Ashenzari
Cheibriados
Dithmenos
Elyvilon
Fedhas
Gozag
Hepliaklqana
Kikubaaqudgha
Makhleb
Nemelex Xobeh
Qazlal
Ru
Sif Muna
Trog
Uskayaw
Vehumet
Wu Jian
Xom
Yredelemnul
Zin
The Shining One

Shops:
D:1 (   D:5 =

Annotations:
D:7 exclusion: oklob plant


Innate Abilities, Weirdness & Mutations

You are very small and have problems with some larger weapons.
You are too small for most types of armour.
You have supernaturally acute eyesight. (SInv)
You cover ground extremely quickly. (Speed+++)


Message History

Press: ? - help, Shift-Dir - straight line, f - orc warrior
Aim: an orc warrior, wielding a +0 halberd and wearing a +0 chain mail (umbra, chance to affect: 51%)
The orc warrior looks drowsy...
An orc comes into view. It is wielding a +0 dagger.
The helpless orc warrior fails to defend itself.
You skewer the orc warrior like a kebab!!!!
You kill the orc warrior!
Dithmenos accepts your kill.
The centaur shouts!
An orc comes into view.
It is wielding a +0 mace and quivering boomerangs of dispersal.
A howler monkey comes into view.
Things that are here:
a +0 whip; 2 boomerangs; an orc corpse The centaur wields a +0 shortbow.
The centaur shoots an arrow.
The arrow hits you!
Items here: )) [ †††.
Items here: $ ))))))))) [[ ††††††.
Things that are here:
a +0 whip; a +0 ring mail; a +0 flail
There is a stone staircase leading up here.
Casting: Ensorcelled Hibernation (safe; 3% risk of failure)
Confirm with . or Enter, or press ? or * to list all spells.
Aiming: Ensorcelled Hibernation (safe; 3% risk of failure)
Press: ? - help, Shift-Dir - straight line, f - orc
Aim: an orc, wielding a +0 flail and wearing a +0 scale mail (umbra, chance to affect: 69%)
The orc looks drowsy...
The helpless orc fails to defend itself.
You spit the orc like a pig!!!!
You kill the orc!
Dithmenos accepts your kill.
Casting: Ensorcelled Hibernation (safe; 3% risk of failure)
Confirm with . or Enter, or press ? or * to list all spells.
Your hands begin to glow red.
The orc warrior hits you with a +0 battleaxe!
You are too injured to fight recklessly!
You are too injured to fight recklessly!
You are too injured to fight recklessly!
You are too injured to fight recklessly!
The orc warrior hits you with a +0 battleaxe!
You die...

...........#
h.o...c....#
...........#
....!......#
...........#
.o.....(...#
.......)..#
#..)#####
#.#))co@#
#.#.#####
#...# #.....
######


You could see an orc warrior and a centaur.

Vanquished Creatures
  A manticore (D:9)
  A centaur zombie (D:7)
  11 yaks (D:8)
  Eustachio (D:3)
  A steam dragon (D:8)
  Menkaure (D:4)
  Duvessa (D:7)
  2 water moccasins
  2 orc warriors
  2 sky beasts
  A black bear (D:6)
  A hornet zombie (D:6)
  4 ogres
  3 ice beasts
  3 centaurs
  A phantom (D:5)
  A kobold brigand (D:6)
  Blork the orc (D:5)
  2 bullfrogs
  A scorpion (D:5)
  A wyvern zombie (D:8)
  Dowan (D:7)
  2 water moccasin skeletons
  A wight (D:8)
  A howler monkey (D:7)
  A jelly (D:6)
  2 orc priests
  A hound (D:7)
  A bullfrog skeleton (D:6)
  A centaur skeleton (D:6)
  Jessica (D:2)
  An iguana (D:7)
  An orc wizard (D:9)
  Natasha (thrice) (D:4)
  2 killer bee zombies
  A howler monkey zombie (D:5)
  2 adders (D:3)
  6 gnolls
  2 white imps
  2 worms
  A dart slug (D:3)
  34 orcs
  3 ball pythons
  3 bats
  6 endoplasms
  2 giant cockroaches
  7 goblins
  4 hobgoblins
  2 jackals (D:1)
  3 quokkas
  4 frilled lizards
  13 kobolds
  4 rats
160 creatures vanquished.

Vanquished Creatures (collateral kills)
  2 gnolls
2 creatures vanquished.

Vanquished Creatures (others)
  3 dancing weapons
  13 toadstools (D:7)
16 creatures vanquished.

Grand Total: 178 creatures vanquished

Notes
Turn   | Place    | Note
-------+----------+-------------------------------------------
     0 | D:1      | MirrMurr the Spriggan Enchanter began the quest for the
                  | Orb.
     0 | D:1      | Reached XP level 1. HP: 9/9 MP: 5/5
   858 | D:1      | Found Aseqout's Antique Weapon Emporium.
   880 | D:1      | Reached skill level 5 in Stealth
   880 | D:1      | Reached XP level 2. HP: 4/13 MP: 6/6
  1166 | D:1      | Learned a level 2 spell: Ensorcelled Hibernation
  1947 | D:2      | Found a faded altar of an unknown god.
  2945 | D:2      | Noticed Jessica
  2954 | D:2      | Killed Jessica
  2955 | D:2      | Reached XP level 3. HP: 16/16 MP: 5/8
  3415 | D:3      | Reached skill level 6 in Stealth
  3642 | D:3      | Reached XP level 4. HP: 20/21 MP: 1/9
  4029 | D:3      | Learned a level 3 spell: Confusing Touch
  4060 | D:3      | Learned a level 3 spell: Tukima's Dance
  4330 | D:3      | Found a white marble altar of Elyvilon.
  4337 | D:3      | Reached skill level 7 in Stealth
  4337 | D:3      | Reached XP level 5. HP: 24/24 MP: 10/10
  4477 | D:3      | Found a bloodstained altar of Trog.
  5277 | D:4      | Noticed Eustachio
  5301 | D:3      | Killed Eustachio
  5302 | D:3      | Reached skill level 5 in Short Blades
  5302 | D:3      | Reached skill level 8 in Stealth
  5302 | D:3      | Reached XP level 6. HP: 18/28 MP: 6/11
  5586 | D:4      | Noticed Menkaure
  5594 | D:4      | Killed Menkaure
  5595 | D:4      | Reached skill level 5 in Hexes
  5656 | D:4      | Noticed Natasha
  5660 | D:4      | Killed Natasha
  5661 | D:4      | Reached XP level 7. HP: 32/32 MP: 13/13
  7311 | D:4      | Noticed Natasha
  7317 | D:4      | Killed Natasha
  7380 | D:4      | Noticed Natasha
  7386 | D:4      | Killed Natasha
  7572 | D:5      | Entered Level 5 of the Dungeon
  7595 | D:5      | Found a staircase to the Ecumenical Temple.
  7604 | Temple   | Entered the Ecumenical Temple
  7851 | D:5      | Noticed Blork the orc
  7888 | D:5      | Killed Blork the orc
  7891 | D:5      | Found Aggos's Jewellery Boutique.
  8140 | D:5      | Found a hide-covered altar of Uskayaw.
  8608 | D:5      | Reached skill level 1 in Fighting
  8608 | D:5      | Reached XP level 8. HP: 37/37 MP: 15/15
  8982 | D:6      | Reached skill level 5 in Dodging
  9719 | D:6      | Found a shadowy altar of Dithmenos.
  9727 | D:6      | Reached XP level 9. HP: 45/45 MP: 9/16
 10184 | D:6      | Became a worshipper of Dithmenos the Shadowed
 10330 | D:7      | Found a radiant altar of Vehumet.
 10609 | D:7      | Noticed Dowan
 10610 | D:7      | Noticed Duvessa
 10643 | D:7      | Killed Duvessa
 10650 | D:7      | Killed Dowan
 10826 | D:7      | Reached skill level 9 in Stealth
 10986 | D:7      | Found a blossoming altar of Fedhas.
 11007 | D:7      | Noticed an oklob plant
 11130 | D:7      | Found a basalt altar of Yredelemnul.
 11132 | D:7      | Noticed a profane servitor
 11151 | D:7      | Found a glowing golden altar of the Shining One.
 11263 | D:7      | Found a burning altar of Makhleb.
 11400 | D:8      | Learned a level 3 spell: Dazzling Flash
 11715 | D:8      | Reached skill level 10 in Stealth
 11787 | D:8      | Reached skill level 10 in Dodging
 11794 | D:8      | Reached skill level 11 in Stealth
 11794 | D:8      | Reached XP level 10. HP: 49/49 MP: 0/17
 12013 | D:8      | Reached * piety under Dithmenos
 12077 | D:8      | Found a sparkling altar of Nemelex Xobeh.
 12494 | D:8      | Found a shimmering altar of Xom.
 12559 | D:9      | Noticed a manticore
 12656 | D:9      | Killed a manticore
 12657 | D:9      | Reached skill level 12 in Stealth
 12783 | D:9      | Slain by an orc warrior

Illustrated notes

Levels and vault maps discovered:
D:1:      evilmike_arrival_home_sweet_home, layout_rooms, serial_shops, shop
D:2:      layout_basic, basic_ecumenical_altar, uniq_jessica
D:3:      minmay_bubble_buster, layout_loops_corners,
          mainiacjoe_overflow_24_doors, elyvilon_altar_5
D:4:      layout_basic, uniq_eustachio, uniq_natasha, uniq_menkaure
D:5:      layout_rooms, mainiacjoe_overflow_alcove_1,
          minmay_temple_entry_antechambers, serial_shops, shop,
          uniq_blork_the_orc
D:6:      layout_loops_ring, grunt_dithmenos_smoke_and_mirrors
D:7:      layout_loops_ring, grunt_temple_overflow_holy_war, tgw_fedhas,
          lightli_temple_of_fire, nicolae_vehumet_radiance, moated_statue,
          uniq_duvessa
D:8:      layout_loops_ring, mainiacjoe_overflow_surrounded_room,
          nemelex_diamond_rough_becter, st_stairs_2, kennysheep_dice
D:9:      layout_basic, special_room [special_room_orc]
Temple:   jpeg_temple_alley_garden

Skill      XL: |  1  2  3  4  5  6  7  8  9 10 |
---------------+-------------------------------+-----
Stealth        | 5 6 7 8 11 12 | 12.0
Short Blades   | 2 3 5 7 8 |  8.0
Spellcasting   | 3 4 |  4.0
Hexes          | 4 5 8 |  8.0
Dodging        | 3 7 10 11 | 11.7
Fighting       | 1 4 |  4.0

Action                   |  1- 3 |  4- 6 |  7- 9 | 10-12 || total
-------------------------+-------+-------+-------+-------++-------
Melee: Dagger            |    79 |    97 |   223 |   118 ||   517
 Cast: Ensorcelled Hiber |    20 |    13 |    52 |    17 ||   102
       Tukima's Dance    |       |     3 |     6 |       ||     9
       Confusing Touch   |       |     2 |    18 |     4 ||    24
  Use: Scroll            |       |    11 |     7 |     3 ||    21
       Potion            |       |       |     1 |       ||     1
 Stab: Sleeping          |    18 |    16 |    35 |     8 ||    77
       Distracted        |     2 |       |       |     1 ||     3
       Confused          |       |     2 |    20 |     3 ||    25
Armor: Robe              |     6 |    12 |    20 |       ||    38
       Steam dragon scal |       |       |       |     3 ||     3
Dodge: Dodged            |    22 |    76 |   139 |    58 ||   295

Table legend: (Time is in decaauts)
 A = Elapsed time spent in this place.
 B = Non-inter-level travel time spent in this place.
 C = Inter-level travel time spent in this place.
 D = Time resting spent in this place.
 E = Time spent auto-exploring this place.
 F = Levels seen in this place.
 G = Mean time per level.
                   A        B        C        D        E       F      G
               +--------+--------+--------+--------+--------+-----+--------+
         Total |   9916 |   9550 |    366 |   1205 |   6992 |  10 |  991.6 |
       Dungeon |   9779 |   9446 |    333 |   1205 |   6890 |   9 | 1086.6 |
        Temple |    137 |    105 |     32 |      0 |    101 |   1 |  137.0 |
               +--------+--------+--------+--------+--------+-----+--------+

Top non-repeatable levels by time:
     D:1: 2044 daAuts
     D:3: 1689 daAuts
     D:4: 1684 daAuts
     D:6: 1026 daAuts
     D:8: 944 daAuts
     D:7: 853 daAuts
     D:2: 772 daAuts
     D:5: 678 daAuts
  Temple: 137 daAuts
     D:9: 86 daAuts
